 Dungeon Crawl Stone Soup version 0.25-a0-258-g6d7e32a (webtiles) character file.

Game seed: 2290528148058916189, levelgen mode: deterministic

675696 silenth the Acrobat (level 27, -2/188 HPs)
             Began as a Tengu Gladiator on Dec 4, 2019.
             Was the Champion of Okawaru.
             Slain by an Orb Guardian (25 damage)
             ... on level 5 of the Realm of Zot on Dec 5, 2019.
             The game lasted 02:32:40 (76119 turns).

silenth the Acrobat (Tengu Gladiator)              Turns: 76119, Time: 02:32:41

Health: -2/188     AC: 47    Str: 29 (30) XL:     27
Magic:  30/32      EV: 38    Int: 16      God:    Okawaru [******]
Gold:   2818       SH: 18    Dex: 26      Spells: 30/42 levels left

rFire    + + .     SeeInvis +   a - +6 demon blade of Lecyty Yfiu {freeze, rN+ MR+}
rCold    + + .     Gourm    .   M - +2 buckler of Goripu {rC+ Dex+6 Stlth-}
rNeg     + . .     Faith    .   k - +9 plate armour of the Wasteland {rPois MR+}
rPois    +         Spirit   .   B - +3 crown of Dyrovepreva {rElec Int+2 SInv}
rElec    +         Reflect  +   g - +2 cloak {MR+}
rCorr    .         Harm     .   Q - +2 pair of gloves {Str+3}
MR       +++++     Rnd*Rage +   (boots unavailable) Stlth +.........Rnd*Tele +
                                Z - brooch of Shielding {Reflect SH+8}
HPRegen  0.41/turn              I - ring of the Gloaming {AC+3 Str+6 SInv}
MPRegen  0.23/turn              E - ring of Laerrit {+Inv rElec rF+ Int+3}

@: about to teleport, heroism, finesse, flying quickly and evasively, quick
A: beak, horns 1, talons 3, icy blue scales 1, berserk 1, cold resistance 1,
deterioration 1, fire resistance 1, low mp 1, teleportitis 1, wild magic 1, able
to fly
}: 3/15 runes: decaying, serpentine, silver
a: Stop Flying, Heroism, Finesse, Renounce Religion, Evoke Invisibility


You were on level 5 of the Realm of Zot.
You worshipped Okawaru.
Okawaru was exalted by your worship.
You were not hungry.

You visited 10 branches of the dungeon, and saw 50 of its levels.
You also visited: Trove, Sewer and Ice Cave.

You collected 8286 gold pieces.
You spent 5468 gold pieces at shops.

Inventory:

Hand Weapons
 a - the +6 demon blade of Lecyty Yfiu (weapon) {freeze, rN+ MR+}
   (Okawaru gifted it to you on level 1 of the Orcish Mines)

   It has been specially enchanted to freeze those struck by it, causing extra
   injury to most foes and up to half again as much damage against particularly
   susceptible opponents.
   It can also slow down cold-blooded creatures.
   It protects you from negative energy.
   It affects your resistance to hostile enchantments.
 b - the +7 Singing Sword {slice, sonic wave}
   (You took it off a deep elf high priest on level 3 of the Elven Halls)

   It inflicts extra damage upon your enemies.
Missiles
 d - 6 throwing nets
 K - 24 curare-tipped darts
 U - 14 silver boomerangs (quivered)
 W - 21 silver javelins
Armour
 g - a +2 cloak of magic resistance (worn)
 k - the +9 plate armour of the Wasteland (worn) {rPois MR+}
   (You took it off an iron imp on level 2 of the Depths)

   It protects you from poison.
   It affects your resistance to hostile enchantments.
 B - the +3 crown of Dyrovepreva (worn) {rElec Int+2 SInv}
   (You bought it in a shop on level 2 of the Orcish Mines)

   It affects your intelligence (+2).
   It insulates you from electricity.
   It lets you see invisible.
 M - the +2 buckler of Goripu (worn) {rC+ Dex+6 Stlth-}
   (You found it on level 5 of the Vaults)

   It affects your dexterity (+6).
   It protects you from cold.
   It makes you less stealthy.
 Q - a +2 pair of gloves of strength (worn)
Jewellery
 j - the ring "Wegoul" {Wiz rC- Dex+2 Slay+3 SInv}
   (You found it on level 4 of the Vaults)

   [ring of wizardry]

   It improves your spell success rate.
   It affects your dexterity (+2).
   It affects your accuracy and damage with ranged weapons and melee attacks
   (+3).
   It makes you vulnerable to cold.
   It lets you see invisible.
 E - the ring of Laerrit (right hand) {+Inv rElec rF+ Int+3}
   (You found it in a treasure trove)

   [ring of protection from fire]

   It affects your intelligence (+3).
   It protects you from fire.
   It insulates you from electricity.
   It lets you turn invisible.
 I - the ring of the Gloaming (left hand) {AC+3 Str+6 SInv}
   (You found it in a treasure trove)

   [ring of protection]

   It affects your AC (+3).
   It affects your strength (+6).
   It lets you see invisible.
 Z - the brooch of Shielding (around neck) {Reflect SH+8}
   (You took it off a deep elf archer on level 3 of the Elven Halls)

   [amulet of reflection]

   It shields you and reflects attacks.
   It affects your SH (+8).
Wands
 m - a wand of enslavement (38)
 t - a wand of paralysis (37)
 u - a wand of acid (24)
 A - a wand of digging (4)
 C - a wand of scattershot (5)
 D - a wand of flame (72)
 H - a wand of iceblast (23)
 O - a wand of clouds (3)
Scrolls
 i - 9 scrolls of identify
 n - 8 scrolls of teleportation
 o - a scroll of silence
 r - 22 scrolls of remove curse
 F - 4 scrolls of summoning
 N - 7 scrolls of magic mapping
 P - 8 scrolls of fear
 R - 3 scrolls of holy word
 T - 2 scrolls of fog
 Y - 3 scrolls of blinking
Potions
 c - 7 potions of magic
 f - 5 potions of cancellation
 l - 4 potions of heal wounds
 p - 6 potions of might
 q - 25 potions of curing
 s - 4 potions of invisibility
 v - 4 potions of haste
 G - 4 potions of agility
 V - 2 potions of brilliance
 X - 6 potions of berserk rage
Miscellaneous
 w - 4 boxes of beasts
 x - 3 phantom mirrors
 y - a lightning rod (4/4)
 z - a phial of floods
 S - a lamp of fire (inert)
Comestibles
 e - 43 rations


   Skills:
 + Level 23.5(27) Fighting
 - Level 16.0(21.0) Long Blades
 - Level 10.0(15.0) Throwing
 + Level 23.9(27) Armour
 + Level 24.9(27) Dodging
 - Level 8.0(13.0) Stealth
 - Level 6.0(11.0) Shields
 + Level 8.0 Spellcasting
 + Level 6.9 Hexes
 + Level 7.1 Charms
 + Level 10.1 Summonings
 + Level 9.4 Necromancy
 + Level 8.5 Translocations
 - Level 12.0 Invocations
 - Level 10.0 Evocations


You had 30 spell levels left.
You knew the following spells:

 Your Spells              Type           Power        Failure   Level  Hunger
a - Apportation           Tloc           #####.       1%          1    None
b - Animate Skeleton      Necr           N/A          1%          1    None
c - Confusing Touch       Hex            #####.       3%          1    None
d - Summon Butterflies    Summ           ######..     1%          1    None
e - Blink                 Tloc           N/A          2%          2    None
f - Spectral Weapon       Hex/Chrm       #####...     9%          3    ##.....
g - Regeneration          Chrm/Necr      #####.....   5%          3    ##.....

Your spell library contained the following spells:

 Spells                   Type           Power        Failure   Level  Hunger
 Summon Small Mammal      Summ           ####         1%          1    None
 Call Imp                 Summ           ######..     1%          2    None
 Infusion                 Chrm           ####         3%          1    None
 Shroud of Golubria       Chrm/Tloc      #####.       3%          2    None
 Call Canine Familiar     Summ           ######..     3%          3    ##.....
 Recall                   Summ/Tloc      N/A          3%          3    ##.....
 Slow                     Hex            #####...     4%          2    None
 Song of Slaying          Chrm           #####...     4%          2    None
 Gell's Gravitas          Tloc           #####.....   4%          3    ##.....
 Lesser Beckoning         Tloc           #####.....   4%          3    ##.....
 Summon Guardian Golem    Hex/Summ       #####...     4%          3    ##.....
 Teleport Other           Tloc           #####...     4%          3    ##.....
 Tukima's Dance           Hex            #####...     9%          3    ##.....
 Passage of Golubria      Tloc           N/A          14%         4    ####...
 Swiftness                Chrm/Air       ###.....     16%         2    None
 Aura of Abjuration       Summ           ######....   21%         5    #####..
 Summon Demon             Summ           ######....   21%         5    #####..
 Cause Fear               Hex            #####.....   26%         4    ####...
 Summon Forest            Summ/Tloc      #####.....   26%         5    #####..
 Dazzling Flash           Conj/Hex       ###...       30%         3    ##.....
 Inner Flame              Hex/Fire       ###.....     30%         3    ##.....
 Ozocubu's Armour         Chrm/Ice       ###.....     30%         3    ##.....
 Summon Mana Viper        Hex/Summ       #####...     34%         5    #####..
 Excruciating Wounds      Chrm/Necr      #####.....   36%         5    #####..
 Foxfire                  Conj/Fire      #...         38%         1    None
 Freeze                   Ice            #...         38%         1    None
 Magic Dart               Conj           #...         38%         1    None
 Sandblast                Erth           #.....       38%         1    None
 Sting                    Tmut/Pois      #...         38%         1    None
 Summon Ice Beast         Ice/Summ       ####....     45%         4    ####...
 Passwall                 Tmut/Erth      #.......     52%         2    None
 Poisonous Vapours        Pois/Air       #.....       52%         2    None
 Shadow Creatures         Summ           N/A          67%         6    #######
 Conjure Flame            Conj/Fire      #.......     75%         3    ##.....
 Ignite Poison            Fire/Tmut/Pois #.......     75%         3    ##.....
 Mephitic Cloud           Conj/Pois/Air  #.......     75%         3    ##.....
 Stone Arrow              Conj/Erth      #.....       75%         3    ##.....
 Borgnjor's Vile Clutch   Necr/Erth      ####......   83%         5    #####..
 Iskenderun's Battlesphe  Conj/Chrm      ###.....     94%         5    #####..
 Silence                  Hex/Air        ###.......   95%         5    #####..
 Yara's Violent Unravell  Hex/Tmut       ###.......   95%         5    #####..
 Darkness                 Hex            #####.....   97%         6    #######
 Invisibility             Hex            #####...     97%         6    #######
 Hailstorm                Conj/Ice       #.......     98%         4    ####...
 Ice Form                 Ice/Tmut       #.......     98%         4    ####...
 Olgreb's Toxic Radiance  Pois           #.......     98%         4    ####...
 Petrify                  Tmut/Erth      #.......     98%         4    ####...
 Sticky Flame             Conj/Fire      #.......     98%         4    ####...
 Summon Hydra             Summ           ######....   99%         7    #######
 Alistair's Intoxication  Tmut/Pois      #.......     100%        5    #####..
 Blade Hands              Tmut           #.........   100%        5    #####..
 Bolt of Magma            Conj/Fire/Erth #.........   100%        5    #####..
 Fireball                 Conj/Fire      #.........   100%        5    #####..
 Irradiate                Conj/Tmut      #.........   100%        5    #####..
 Lee's Rapid Deconstruct  Erth           #.........   100%        5    #####..
 Deflect Missiles         Chrm/Air       ###.......   100%        6    #######
 Hydra Form               Tmut           #.........   100%        6    #######
 Iron Shot                Conj/Erth      #.........   100%        6    #######
 Statue Form              Tmut/Erth      #........    100%        6    #######
 Dragon Form              Tmut           #.........   100%        7    #######
 Orb of Destruction       Conj           #.........   100%        7    #######
 Spellforged Servitor     Conj/Summ      ####......   100%        7    #######
 Discord                  Hex            #####.....   100%        8    #######


Dungeon Overview and Level Annotations

Branches:
Dungeon (15/15)            Temple (1/1) D:5            Lair (6/6) D:10
  Swamp (4/4) Lair:2        Snake (4/4) Lair:4        Slime (0/5) Lair:5
    Orc (2/2) D:9             Elf (3/3) Orc:2        Vaults (5/5) D:13
  Crypt (0/3) Vaults:3     Depths (5/5) D:15            Zot (5/5) Depths:5
  Sewer (visited)           IceCv (visited)

Altars:
Ashenzari
Cheibriados
Dithmenos
Elyvilon
Fedhas
Gozag
Hepliaklqana
Kikubaaqudgha
Makhleb
Nemelex Xobeh
Okawaru
Qazlal
Ru
Sif Muna
Trog
Uskayaw
Vehumet
Wu Jian
Xom
Yredelemnul
Zin
The Shining One

Shops:
D:6 ([(*   Orc:1 (   Orc:2 ([([   Elf:2 (   Snake:4 }=}   Vaults:2 !
Vaults:4 *   Depths:4 =!*=%

Portals:
Hell: Depths:1 Depths:2 Depths:3 Depths:4 Depths:5
Abyss: Depths:3 Depths:4
Pandemonium: Depths:3 Depths:5
Ziggurat: Depths:1

Annotations:
D:14 3 runed translucent doors, Keac's ghost, journeyman GnWn
Lair:3 2 transporters


Innate Abilities, Weirdness & Mutations

You have a beak for a mouth.
You have claws for feet.
You can fly continuously.
You have a pair of small horns on your head.
You are partially covered in icy blue scales. (AC +2)
You tend to lose your temper in combat.
Your flesh is cold resistant. (rC+)
Your body sometimes deteriorates upon taking damage.
Your flesh is heat resistant. (rF+)
Your magical capacity is low. (-10% MP)
You are occasionally teleported next to monsters.
Your spells are a little harder to cast, but a little more powerful.


Message History

You headbutt the Orb Guardian. Your peck misses the Orb Guardian.
The Orb Guardian is severely wounded.
You block the Orb Guardian's attack.
You block the white draconian stormcaller's attack.
The Orb Guardian hits you!!!
* * * LOW HITPOINT WARNING * * *
Your body deteriorates!
You feel weakened.
You feel much better. The Orb Guardian misses you.
You riposte.
You barely miss the Orb Guardian.
You claw the Orb Guardian, but do no damage.
You peck the Orb Guardian, but do no damage.
The Orb Guardian is lightly wounded.
You block the Orb Guardian's attack. x2
The wind drake flaps its wings at you.
The air twists around and violently strikes you in flight.
The moth of wrath goads the death drake on!
The death drake goes berserk!
The death drake bites you but does no damage.
The electric golem blinks!
The Orb Guardian hits you!!
You die...

,,,,,,,*,,,,,,,,,,,,,,,,,,,,,,**
,,,,,,**,,,,,,,,,,,,,,,.......,**
,,,,,***,,,,,,,,,,,,,,,.......,,*
****** *,,,,,,,,,,,,,,,.......,,*
**,,,,,,,,,,,,,,.......,**
***,,,,,,,,,,,,.°.°...**
****,,,,,,,,,°○....█*
▒███████████▒▒8....██
▒▒▒......@XXdXk.......▒*
▒▒....▒▒.kqXDddd........**
▒▒▒▒▒▒▒...▒▒▒...Xd.dd.........,**
.........▒▒▒......yk..........,,*
........▒▒ ▒.^....q8..........,,*
........▒ ▒......^...........,,*
.......▒▒ ▒......^...........,,*
.......▒ ▒.................^,,*
.......▒▒ ▒.................,,,*


You could see an electric golem, a storm dragon, 3 draconians, a purple
draconian, 3 draconians, a white draconian stormcaller, 5 Orb Guardians, a
purple draconian annihilator, 2 death drakes, a wind drake and a moth of wrath.

Vanquished Creatures
  An ancient lich (Zot:4)
  Mennas (Vaults:4)
  8 orbs of fire
  A juggernaut (Depths:5)
  4 Killer Klowns (Zot:5)
  Saint Roka (Depths:4)
  A caustic shrike (shapeshifter) (Depths:3)
  Vashnia (Snake:3)
  3 curse toes
  5 caustic shrikes (Depths:5)
  10 golden dragons
  7 electric golems
  Jory (Vaults:3)
  Jorgrun (D:13)
  15 tentacled monstrosities
  3 deep elf blademasters
  13 Orb Guardians
  8 liches
  5 titans
  14 quicksilver dragons
  Frances (Snake:1)
  6 sphinxes
  A deep elf master archer (Elf:3)
  6 death cobs
  Kirke (Snake:2)
  9 draconian monks
  8 tengu reavers
  6 shadow dragons
  20 storm dragons
  18 frost giants
  7 fire giants
  7 draconian scorchers
  9 nagarajas
  Louise (Snake:2)
  11 deep elf sorcerers
  12 vault wardens
  6 draconian shifters
  An orc warlord (Orc:1)
  3 iron dragons
  6 draconian knights
  4 deep elf elementalists
  4 ghost moths
  Aizul (Snake:1)
  A spriggan defender (Depths:4)
  3 draconian stormcallers
  11 draconian annihilators
  2 ghouls
  18 ironheart preservers
  30 very ugly things
  6 deep elf demonologists
  18 stone giants
  A caustic shrike skeleton (Depths:2)
  A juggernaut skeleton (Depths:2)
  2 entropy weavers
  7 black draconians
  14 green draconians
  Nessos (D:13)
  12 yellow draconians
  11 deep elf annihilators
  2 lorocyprocas (Depths:1)
  13 purple draconians
  14 white draconians
  3 spark wasps
  9 deep elf death magi
  12 red draconians
  22 ettins
  Snorg (D:10)
  2 merfolk javelineers (Depths:1)
  A merfolk impaler (Depths:1)
  9 ice dragons
  22 yaktaur captains
  13 fire dragons
  A great orb of eyes (shapeshifter) (Vaults:5)
  4 deep elf high priests (Elf:3)
  4 great orbs of eyes
  A quicksilver dragon skeleton (Depths:2)
  23 hydras
  Harold (D:7)
  A catoblepas (Lair:5)
  A ghost crab (Swamp:4)
  3 spriggan air magi
  A monstrous demonspawn (Depths:3)
  31 vault guards
  10 naga warriors
  8 rakshasas
  2 shambling mangroves (Swamp:4)
  13 centaur warriors
  2 hell beasts
  Erica (D:8)
  11 anacondas
  52 two-headed ogres
  6 death knights
  12 alligators
  12 deep troll shamans
  21 ogre magi
  Urug (D:13)
  26 dancing weapons
  8 orc high priests
  2 tengu warriors
  7 death yaks
  A vampire mage (Depths:3)
  6 deep troll earth magi
  5 shock serpents
  2 spriggan berserkers
  3 soul eaters
  20 naga sharpshooters
  3 sun demons (Depths:2)
  28 deep elf knights
  A sixfirhy (Depths:3)
  3 shadow wraiths
  A salamander mystic (Snake:4)
  11 skeletal warriors
  39 deep trolls
  12 hell knights
  A fire crab (D:14)
  A death drake (shapeshifter) (D:15)
  A swamp dragon (shapeshifter) (Vaults:2)
  4 iron trolls
  An unseen horror (shapeshifter) (Depths:3)
  4 spriggan druids
  3 sea snakes (Snake:1)
  7 glowing orange brains
  6 naga ritualists
  5 phantasmal warriors
  11 unseen horrors
  12 swamp dragons
  An obsidian statue (Depths:2)
  A lindwurm (Lair:6)
  2 golden dragon skeletons (Depths:2)
  7 flayed ghosts
  22 deep elf archers
  A wizard (Vaults:2)
  19 ironbrand convokers
  14 orc knights
  A wolf spider (shapeshifter) (Depths:1)
  Pikel (D:8)
  4 necromancers
  A tengu zombie (Vaults:1)
  67 deep elf magi
  2 tengu skeletons (Depths:2)
  12 oklob plants
  6 mana vipers
  2 manticores
  31 moths of wrath
  A fire giant zombie (Vaults:2)
  4 harpies
  A sphinx skeleton (Depths:2)
  A manticore (shapeshifter) (Vaults:4)
  4 orc sorcerers
  29 ugly things
  A shadow dragon skeleton (Depths:2)
  7 cyclopes
  5 wolf spiders
  9 salamanders
  4 stone giant skeletons
  A frost giant skeleton (Depths:2)
  10 apocalypse crabs (Depths:4)
  30 black mambas
  5 torpor snails (Lair:6)
  23 vault sentinels
  4 fire giant skeletons (Depths:2)
  An ice statue (IceCv)
  A water nymph (shapeshifter) (Vaults:5)
  3 gargoyles
  24 naga magi
  3 guardian serpents
  2 centaur skeletons
  An orange demon (Depths:2)
  Psyche (D:8)
  22 spiny frogs
  6 komodo dragons
  5 rime drakes
  2 kobold demonologists
  61 yaktaurs
  11 freezing wraiths
  2 ice devils (Depths:2)
  5 spriggan skeletons (Depths:2)
  5 trolls
  12 meliai
  2 elf skeletons (Depths:2)
  A meliai (shapeshifter) (D:15)
  A queen bee (shapeshifter) (Vaults:5)
  A troll (shapeshifter) (Depths:1)
  31 hornets
  A wind drake (shapeshifter) (D:15)
  A raiju (Lair:6)
  27 polar bears
  9 bog bodies
  14 tyrant leeches
  Prince Ribbit (D:7)
  43 slime creatures
  2 blink frogs (shapeshifter)
  3 hippogriffs (shapeshifter)
  2 air elementals (Elf:1)
  A frost giant simulacrum (Vaults:2)
  25 blink frogs
  14 hippogriffs
  13 flying skulls
  23 spriggans
  3 ettin skeletons (Depths:2)
  5 redbacks (Vaults:5)
  2 shadows
  A tarantella (Vaults:4)
  2 vampires
  10 water elementals
  2 wraiths
  A basilisk (shapeshifter) (Vaults:1)
  18 humans
  5 wyverns
  A human (shapeshifter) (Depths:4)
  57 yaks
  2 hogs (Snake:2)
  3 hungry ghosts
  A fire elemental (Elf:1)
  A yaktaur simulacrum (Vaults:3)
  2 steam dragons
  14 vampire mosquitoes
  5 basilisks
  A neqoxec (Depths:3)
  20 insubstantial wisps
  11 wargs
  15 swamp worms
  A swamp worm (shapeshifter) (Vaults:5)
  51 nagas
  5 acid dragons
  3 floating eyes
  18 water moccasins
  13 porcupines
  A floating eye (shapeshifter) (Vaults:1)
  16 hell hounds (Lair:6)
  15 swamp drakes
  17 black bears
  59 orc warriors
  3 eyes of draining
  An ice dragon simulacrum (Vaults:1)
  4 ice beasts
  4 sky beasts
  A slave (D:8)
  2 ettin simulacra
  17 centaurs
  A boggart (shapeshifter) (Vaults:5)
  43 ogres
  15 boggarts
  42 wolves
  9 crocodiles
  2 big kobolds
  21 bullfrogs
  4 earth elementals
  A human skeleton (Vaults:1)
  A glowing shapeshifter simulacrum (Vaults:3)
  12 killer bees
  2 vampire bats (D:5)
  4 howler monkeys
  An elf simulacrum (Vaults:1)
  7 wights
  3 electric eels
  8 crimson imps
  2 bullfrog zombies
  6 centaur zombies
  6 hounds
  4 human simulacra
  A quasit (D:11)
  A gnoll shaman (D:7)
  3 jellies
  45 orc priests
  8 iron imps
  5 bullfrog skeletons
  13 worker ants
  6 iguanas
  28 orc wizards
  A killer bee zombie (D:9)
  2 hound zombies
  A hound skeleton (D:5)
  15 gnolls
  16 adders
  2 river rats
  5 shadow imps
  4 white imps
  An adder zombie (D:9)
  An adder skeleton (D:7)
  4 worms
  2 dart slugs (D:1)
  8 leopard geckos
  133 orcs
  5 ball pythons
  4 bats (D:2)
  3 bat skeletons (D:5)
  A bat zombie (D:5)
  5 giant cockroaches
  9 goblins
  8 hobgoblins
  14 jackals
  A jackal (shapeshifter) (Depths:4)
  19 kobolds
  9 quokkas
  5 frilled lizards
  A jackal skeleton (D:4)
  A quokka skeleton (D:6)
  A quokka zombie (D:6)
  14 rats
  A bush (Zot:2)
  A fungus (Zot:2)
  2 plants (Lair:6)
2699 creatures vanquished.

Vanquished Creatures (collateral kills)
  Rupert (D:12)
1 creature vanquished.

Vanquished Creatures (others)
  A curse skull (Vaults:3)
  A deep elf high priest (Vaults:5)
  A yaktaur captain (Vaults:5)
  A centaur warrior (Vaults:1)
  A naga sharpshooter (Snake:4)
  2 deep elf knights
  An unseen horror (D:13)
  A swamp dragon (Swamp:4)
  A moth of wrath (Zot:4)
  An apocalypse crab (Depths:4)
  2 yaktaurs (Depths:1)
  2 spriggans (Swamp:4)
  A human (Snake:2)
  A naga (Snake:2)
  2 swamp drakes (Swamp:4)
  A slave (D:9)
  An ogre (Vaults:5)
  A boggart (Depths:1)
  A wight (D:9)
  An orc priest (Orc:2)
  An adder skeleton (D:9)
  A ball lightning (Zot:2)
  6 fungi
  18 plants
50 creatures vanquished.

Grand Total: 2750 creatures vanquished

Notes
Turn   | Place    | Note
-------+----------+-------------------------------------------
     0 | D:1      | silenth the Tengu Gladiator began the quest for the Orb.
     0 | D:1      | Reached XP level 1. HP: 12/12 MP: 2/2
   315 | D:1      | Reached XP level 2. HP: 17/17 MP: 3/3
   695 | D:1      | Reached skill level 4 in Long Blades
   713 | D:1      | Reached XP level 3. HP: 18/22 MP: 4/4
  1513 | D:2      | Found a blossoming altar of Fedhas.
  1531 | D:2      | Reached XP level 4. HP: 27/27 MP: 5/5
  1782 | D:2      | Found a faded altar of an unknown god.
  2110 | D:3      | Reached skill level 3 in Fighting
  2110 | D:3      | Reached skill level 5 in Long Blades
  2403 | D:3      | Gained mutation: You can fly continuously. [Tengu growth]
  2403 | D:3      | Reached XP level 5. HP: 15/32 MP: 6/6
  3128 | D:3      | Reached skill level 1 in Stealth
  3193 | D:3      | HP: 3/32 [goblin/+0 dagger (4)]
  3592 | D:3      | Reached skill level 6 in Long Blades
  3592 | D:3      | Reached XP level 6. HP: 29/37 MP: 7/7
  3711 | D:3      | HP: 3/38 [gnoll/+0 spear (7)]
  4189 | D:4      | Reached skill level 2 in Stealth
  4213 | D:4      | Reached skill level 4 in Fighting
  4422 | D:4      | Reached XP level 7. HP: 43/43 MP: 8/8
  4666 | D:5      | Entered Level 5 of the Dungeon
  4734 | D:5      | Found a staircase to the Ecumenical Temple.
  4858 | Temple   | Entered the Ecumenical Temple
  4924 | D:5      | Reached skill level 7 in Long Blades
  5224 | D:5      | Reached skill level 3 in Stealth
  5594 | D:5      | Reached skill level 8 in Long Blades
  5718 | D:5      | Found a bloodstained altar of Trog.
  5913 | D:5      | Found an ancient bone altar of Kikubaaqudgha.
  5926 | D:5      | Reached skill level 5 in Fighting
  5926 | D:5      | Reached XP level 8. HP: 40/49 MP: 9/9
  6126 | D:5      | Reached skill level 1 in Evocations
  6353 | D:6      | Found Joaraef's Antique Armour Shop.
  6374 | D:6      | Found Moyma's Assorted Antiques.
  6385 | D:6      | Bought a sedimented black potion for 24 gold pieces
  6385 | D:6      | Bought an embroidered cloak for 202 gold pieces
  6458 | D:6      | Found a glowing drain.
  6462 | Sewer    | Entered a sewer
  6555 | Sewer    | Reached skill level 2 in Evocations
  6594 | Sewer    | Found a white marble altar of Elyvilon.
  6729 | D:6      | Reached skill level 9 in Long Blades
  6927 | D:6      | Found Uqaum's Antique Weapon Emporium.
  6960 | D:6      | Found Hilid's Antique Weapon Emporium.
  7020 | D:6      | Reached skill level 4 in Dodging
  7050 | D:6      | Noticed a hippogriff
  7089 | D:6      | Reached skill level 3 in Evocations
  7089 | D:6      | Reached XP level 9. HP: 55/55 MP: 12/12
  7100 | D:6      | Reached skill level 6 in Fighting
  7160 | D:6      | Found a basalt altar of Yredelemnul.
  7160 | D:6      | Found a snail-covered altar of Cheibriados.
  7284 | D:7      | Found an iron altar of Okawaru.
  7307 | D:7      | Reached skill level 10 in Long Blades
  7354 | D:7      | Reached skill level 5 in Dodging
  7391 | D:7      | Became a worshipper of Warmaster Okawaru
  8105 | D:7      | Reached skill level 1 in Invocations
  8140 | D:7      | Noticed Prince Ribbit
  8148 | D:7      | Killed Prince Ribbit
  8422 | D:8      | Reached * piety under Okawaru
  8425 | D:8      | Noticed Harold
  8459 | D:7      | Killed Harold
  8459 | D:7      | Reached skill level 7 in Fighting
  8459 | D:7      | Reached skill level 11 in Long Blades
  8459 | D:7      | Reached skill level 6 in Dodging
  8459 | D:7      | Reached skill level 2 in Invocations
  8459 | D:7      | Reached XP level 10. HP: 27/63 MP: 13/13
  8675 | D:7      | Reached ** piety under Okawaru
  8822 | D:8      | Found an opulent altar of Gozag.
  8863 | D:8      | Noticed a two-headed ogre
  8892 | D:8      | Killed a two-headed ogre
  8892 | D:8      | Reached skill level 3 in Invocations
  9148 | D:8      | Noticed Erica
  9169 | D:8      | Killed Erica
  9169 | D:8      | Reached skill level 12 in Long Blades
  9169 | D:8      | Reached skill level 7 in Dodging
  9322 | D:8      | Found a shadowy altar of Dithmenos.
  9440 | D:8      | Reached *** piety under Okawaru
  9475 | D:8      | Found an ornate altar of the Wu Jian Council.
  9546 | D:9      | Reached skill level 8 in Fighting
  9816 | D:9      | Noticed Pikel
  9829 | D:9      | Received a gift from Okawaru
 10526 | D:9      | Noticed Psyche
 10538 | D:8      | Killed Psyche
 10538 | D:8      | Reached XP level 11. HP: 60/69 MP: 14/14
 10657 | D:9      | Found a staircase to the Orcish Mines.
 10924 | D:8      | Killed Pikel
 10924 | D:8      | Reached skill level 1 in Armour
 10924 | D:8      | Reached skill level 1 in Shields
 11190 | D:9      | Reached **** piety under Okawaru
 11549 | D:9      | Received a gift from Okawaru
 11556 | D:9      | Reached skill level 2 in Armour
 11558 | D:9      | Reached skill level 13 in Long Blades
 11561 | D:9      | Reached skill level 8 in Dodging
 11954 | D:9      | Reached skill level 2 in Shields
 11976 | D:10     | Entered Level 10 of the Dungeon
 12093 | D:10     | Found a staircase to the Lair.
 12123 | D:10     | Noticed Snorg
 12131 | D:10     | Killed Snorg
 12131 | D:10     | Reached skill level 9 in Fighting
 12131 | D:10     | Reached skill level 3 in Shields
 12195 | D:10     | Reached ***** piety under Okawaru
 12312 | D:10     | Received a gift from Okawaru
 12313 | D:10     | Got a transparent buckler {god gift}
 12324 | D:10     | Identified the +0 buckler "Leynoxt" {MR+} (Okawaru gifted
                  | it to you on level 10 of the Dungeon)
 12628 | D:11     | Reached XP level 12. HP: 69/76 MP: 15/15
 12635 | D:11     | Reached skill level 3 in Armour
 12744 | D:11     | Noticed a two-headed ogre
 12751 | D:11     | Killed a two-headed ogre
 12751 | D:11     | Reached skill level 4 in Shields
 12870 | D:11     | Reached skill level 9 in Dodging
 12888 | D:11     | Reached skill level 4 in Invocations
 12888 | D:11     | Reached skill level 14 in Long Blades
 13165 | D:12     | Reached skill level 4 in Armour
 13327 | D:6      | Bought a scroll of identify for 54 gold pieces
 13327 | D:6      | Bought a potion of haste for 270 gold pieces
 13327 | D:6      | Bought a potion of curing for 81 gold pieces
 13412 | Lair:1   | Entered Level 1 of the Lair of Beasts
 13461 | Lair:1   | Found a frozen archway.
 13471 | IceCv    | Entered an ice cave
 13858 | IceCv    | Reached skill level 5 in Invocations
 13862 | IceCv    | Reached skill level 5 in Armour
 13877 | IceCv    | Received a gift from Okawaru
 13877 | IceCv    | Reached skill level 10 in Fighting
 14255 | IceCv    | Reached skill level 10 in Dodging
 14344 | IceCv    | Received a gift from Okawaru
 14347 | IceCv    | Got a bloodstained chain mail {god gift}
 14370 | IceCv    | Identified the +5 chain mail "Edetigec" {Int+3 Dex+3}
                  | (Okawaru gifted it to you in an ice cave)
 14407 | IceCv    | Noticed a death yak
 14425 | IceCv    | Killed a death yak
 14425 | IceCv    | Reached skill level 3 in Throwing
 14429 | IceCv    | Reached skill level 4 in Stealth
 14433 | IceCv    | Reached XP level 13. HP: 83/83 MP: 11/18
 14499 | IceCv    | Noticed a frost giant
 14514 | IceCv    | Reached skill level 6 in Invocations
 14530 | IceCv    | Killed a frost giant
 14540 | IceCv    | Reached skill level 4 in Throwing
 14590 | IceCv    | Got a shimmering arbalest
 14853 | Lair:1   | Found a radiant altar of Vehumet.
 15080 | Lair:1   | Reached skill level 5 in Stealth
 15689 | Lair:2   | Found a staircase to the Swamp.
 16148 | Lair:2   | Reached skill level 11 in Fighting
 16148 | Lair:2   | Reached skill level 5 in Throwing
 16283 | Lair:3   | Reached skill level 6 in Armour
 16286 | Lair:3   | Reached skill level 11 in Dodging
 16353 | Lair:3   | Reached skill level 7 in Invocations
 16362 | Lair:3   | Received a gift from Okawaru
 16470 | Lair:3   | Found a transporter.
 16602 | Lair:3   | Received a gift from Okawaru
 16774 | Lair:3   | Found a transporter.
 17016 | Lair:4   | Reached XP level 14. HP: 80/90 MP: 20/20
 17041 | Lair:4   | Reached skill level 7 in Armour
 17151 | Lair:4   | Found a staircase to the Snake Pit.
 18272 | Lair:5   | Learned a level 1 spell: Apportation
 18274 | Lair:5   | Learned a level 1 spell: Animate Skeleton
 18276 | Lair:5   | Learned a level 1 spell: Confusing Touch
 18346 | Lair:5   | Received a gift from Okawaru
 18847 | Lair:5   | Found a staircase to the Slime Pits.
 18989 | Lair:6   | Entered Level 6 of the Lair of Beasts
 19001 | Lair:5   | Reached skill level 8 in Invocations
 19533 | Lair:5   | Reached skill level 8 in Armour
 19548 | Lair:5   | Reached skill level 12 in Dodging
 19900 | Lair:5   | Reached skill level 12 in Fighting
 20610 | Lair:6   | Reached skill level 9 in Armour
 20681 | Lair:6   | Reached skill level 9 in Invocations
 20986 | Lair:6   | Received a gift from Okawaru
 20996 | Lair:6   | Reached XP level 15. HP: 71/97 MP: 17/22
 21430 | Lair:6   | Found a runed translucent door.
 21501 | Lair:6   | Received a gift from Okawaru
 22511 | D:12     | Learned a level 1 spell: Summon Butterflies
 22584 | D:12     | Reached skill level 13 in Dodging
 23358 | D:12     | Reached skill level 1 in Summonings
 23787 | D:13     | Reached skill level 1 in Necromancy
 23831 | D:13     | Reached skill level 1 in Spellcasting
 23852 | D:13     | Noticed Rupert
 23852 | D:13     | Noticed Nessos
 23865 | D:13     | Reached skill level 1 in Translocations
 23871 | D:13     | Noticed Urug
 23887 | D:12     | Killed Rupert
 23887 | D:12     | Reached skill level 10 in Armour
 23887 | D:12     | Reached skill level 1 in Hexes
 24061 | D:13     | Found a gate to the Vaults.
 24080 | D:13     | Killed Urug
 24259 | D:13     | Killed Nessos
 24259 | D:13     | Received a gift from Okawaru
 24360 | D:13     | Reached skill level 13 in Fighting
 24419 | D:13     | Noticed Jorgrun
 24436 | D:13     | Killed Jorgrun
 24847 | D:13     | Received a gift from Okawaru
 24869 | D:13     | Reached skill level 10 in Invocations
 25367 | Orc:1    | Entered Level 1 of the Orcish Mines
 25367 | Orc:1    | Noticed an orc warlord
 25394 | Orc:1    | Killed an orc warlord
 25394 | Orc:1    | Received a gift from Okawaru
 25402 | Orc:1    | Got a polished demon blade {god gift}
 25403 | Orc:1    | Identified the +6 demon blade of Lecyty Yfiu {freeze, rN+
                  | MR+} (Okawaru gifted it to you on level 1 of the Orcish
                  | Mines)
 25801 | Orc:1    | Got a smoking hat
 25818 | Orc:1    | Learned a level 2 spell: Blink
 25818 | Orc:1    | Identified the +1 hat of Unreason {Str+5 Int-2} (You found
                  | it on level 1 of the Orcish Mines)
 25922 | Orc:2    | Entered Level 2 of the Orcish Mines
 25935 | Orc:2    | Reached skill level 11 in Armour
 26135 | Orc:2    | Reached XP level 16. HP: 104/104 MP: 24/24
 26310 | Orc:1    | Found Ycootu's Weapon Shoppe.
 26526 | Orc:2    | Found a staircase to the Elven Halls.
 27152 | Orc:2    | Reached skill level 14 in Dodging
 27373 | Orc:2    | Received a gift from Okawaru
 27737 | Orc:2    | Found Sywk's Armour Shop.
 27740 | Orc:2    | Found Poovein's Armour Shop.
 27741 | Orc:2    | Found Vaonypno's Weapon Shop.
 27742 | Orc:2    | Found Puekkin's Antique Weapon Boutique.
 27749 | Orc:2    | Bought the +3 crown of Dyrovepreva {rElec Int+2 SInv} for
                  | 455 gold pieces
 27749 | Orc:2    | Found the +3 crown of Dyrovepreva {rElec Int+2 SInv}
 28096 | D:14     | Reached skill level 4 in Evocations
 28172 | D:14     | Found a runed translucent gate.
 28172 | D:14     | Found a runed translucent gate.
 28174 | D:14     | Found a runed translucent gate.
 28174 | D:14     | Noticed Keac's ghost (journeyman GnWn)
 28305 | D:14     | Reached skill level 6 in Stealth
 28665 | D:14     | Reached skill level 6 in Throwing
 28777 | D:14     | Received a gift from Okawaru
 28964 | D:15     | Entered Level 15 of the Dungeon
 29049 | D:15     | Learned a level 3 spell: Spectral Weapon
 29053 | D:15     | Learned a level 3 spell: Regeneration
 29062 | D:15     | Found a runed translucent door.
 29090 | D:15     | Received a gift from Okawaru
 29094 | D:15     | Got a flickering silver amulet
 29104 | D:15     | Identified the amulet "Nygeiw" {Inacc SInv} (You found it
                  | on level 15 of the Dungeon)
 29290 | D:15     | Identified the Collected Works on Good Luck and Calling
 29339 | D:15     | Reached skill level 14 in Fighting
 29339 | D:15     | Reached skill level 5 in Evocations
 29601 | D:15     | Found a staircase to the Depths.
 30190 | Swamp:1  | Entered Level 1 of the Swamp
 30211 | Swamp:1  | Reached skill level 7 in Stealth
 30245 | Swamp:1  | Reached skill level 12 in Armour
 30257 | Swamp:1  | Reached XP level 17. HP: 89/111 MP: 23/25
 30573 | Swamp:1  | Reached skill level 7 in Throwing
 31224 | Swamp:2  | Reached skill level 6 in Evocations
 31371 | Swamp:2  | Received a gift from Okawaru
 31485 | Swamp:2  | Identified the +5 ring mail of Lugonu's Delight {Regen+
                  | Str+3 Dex-4}
 31530 | Swamp:2  | Reached skill level 8 in Stealth
 31627 | Swamp:2  | Received a gift from Okawaru
 31937 | Swamp:3  | Reached skill level 15 in Dodging
 32728 | Snake:1  | Entered Level 1 of the Snake Pit
 32729 | Snake:1  | Noticed Aizul
 32743 | Snake:1  | Killed Aizul
 32743 | Snake:1  | Received a gift from Okawaru
 32760 | Snake:1  | Noticed Frances
 32773 | Snake:1  | Killed Frances
 32843 | Snake:1  | Reached skill level 13 in Armour
 32949 | Snake:1  | Received a gift from Okawaru
 33602 | Snake:2  | Reached skill level 15 in Fighting
 33963 | Snake:2  | Received a gift from Okawaru
 34343 | Snake:2  | Reached XP level 18. HP: 107/119 MP: 24/26
 34364 | Snake:2  | Noticed Kirke
 34378 | Snake:2  | Killed Kirke
 34378 | Snake:2  | Received a gift from Okawaru
 34489 | Snake:2  | Noticed Louise
 34522 | Snake:2  | Killed Louise
 34770 | Snake:3  | Reached skill level 5 in Shields
 34850 | Snake:3  | Noticed Vashnia
 34859 | Snake:3  | HP: 5/119 [naga sharpshooter/bolt[Vashnia] (11)]
 35281 | Snake:3  | Received a gift from Okawaru
 35298 | Snake:3  | Reached skill level 16 in Dodging
 35613 | Snake:3  | Killed Vashnia
 35618 | Snake:3  | Reached skill level 14 in Armour
 35652 | Snake:3  | Received a gift from Okawaru
 35682 | Snake:3  | Reached skill level 6 in Shields
 36355 | Snake:4  | Entered Level 4 of the Snake Pit
 36619 | Snake:4  | Received a gift from Okawaru
 36934 | Snake:4  | Received a gift from Okawaru
 37204 | Snake:4  | Reached skill level 16 in Fighting
 37446 | Snake:4  | Found an ancient bone altar of Kikubaaqudgha.
 37772 | Snake:4  | Reached XP level 19. HP: 90/125 MP: 23/27
 37862 | Snake:4  | HP: 7/125 [naga sharpshooter/arrow (13)]
 38322 | Snake:4  | Found Jycuf's Gadget Shoppe.
 38323 | Snake:4  | Found Raec's Jewellery Boutique.
 38325 | Snake:4  | Found Bicsusk's Gadget Shoppe.
 38330 | Snake:4  | Bought a phantom mirror for 600 gold pieces
 38330 | Snake:4  | Bought a lightning rod (4/4) for 800 gold pieces
 38330 | Snake:4  | Bought a phial of floods for 800 gold pieces
 38424 | Snake:4  | Bought a +3 ring of protection for 315 gold pieces
 38522 | Snake:4  | Reached skill level 15 in Armour
 38537 | Snake:4  | Reached skill level 17 in Dodging
 38854 | Snake:4  | Got a serpentine rune of Zot
 39261 | Swamp:4  | Entered Level 4 of the Swamp
 40708 | Swamp:4  | Got a decaying rune of Zot
 41171 | Vaults:1 | Entered Level 1 of the Vaults
 41643 | Vaults:1 | Received a gift from Okawaru
 41992 | Vaults:1 | Reached skill level 17 in Fighting
 42024 | Vaults:1 | Reached skill level 16 in Armour
 42126 | Vaults:1 | Reached XP level 20. HP: 134/134 MP: 28/28
 42374 | Vaults:1 | Received a gift from Okawaru
 42383 | Vaults:1 | Identified the ring of Afuklimn {Str+3 Int+5}
 42525 | Vaults:1 | Received a gift from Okawaru
 42529 | Vaults:1 | Got an ominously black robe {god gift}
 42540 | Vaults:1 | Identified the +0 robe of Okawaru's Supremacy {rElec rN++
                  | Regen+ Dex-3} (Okawaru gifted it to you on level 1 of the
                  | Vaults)
 42672 | Vaults:2 | Found Vyos's Distillery.
 42701 | Vaults:2 | Reached skill level 7 in Evocations
 43248 | Vaults:2 | Reached skill level 18 in Dodging
 43365 | Vaults:2 | Reached skill level 11 in Invocations
 43765 | Vaults:2 | Identified a scroll of acquirement
 44453 | Vaults:3 | Reached ****** piety under Okawaru
 44453 | Vaults:3 | Reached skill level 8 in Evocations
 44643 | Vaults:3 | Reached skill level 8 in Throwing
 44801 | Vaults:3 | Received a gift from Okawaru
 45191 | Vaults:3 | Reached XP level 21. HP: 140/140 MP: 30/30
 45580 | Vaults:3 | Noticed Jory
 45608 | Vaults:3 | Killed Jory
 45836 | Vaults:3 | Found a staircase to the Crypt.
 46292 | Vaults:4 | Received a gift from Okawaru
 46444 | Vaults:4 | Received a gift from Okawaru
 46868 | Vaults:4 | Reached skill level 9 in Evocations
 46896 | Vaults:4 | Found Fel Tenu's General Store.
 46904 | Vaults:4 | Bought a potion of heal wounds for 65 gold pieces
 46904 | Vaults:4 | Bought a scroll of teleportation for 39 gold pieces
 47053 | Vaults:4 | Reached skill level 9 in Throwing
 47102 | Vaults:4 | Reached skill level 15 in Long Blades
 47181 | Vaults:4 | Reached skill level 17 in Armour
 47938 | Vaults:4 | Got a transparent bronze ring
 47939 | Vaults:4 | Identified the ring "Wegoul" {Wiz rC- Dex+2 Slay+3 SInv}
                  | (You found it on level 4 of the Vaults)
 48393 | Elf:1    | Entered Level 1 of the Elven Halls
 48397 | Elf:1    | Reached skill level 12 in Invocations
 48771 | Elf:1    | Reached XP level 22. HP: 145/146 MP: 32/32
 48775 | Elf:1    | Reached skill level 1 in Charms
 48805 | Elf:1    | Received a gift from Okawaru
 49123 | Elf:1    | Identified Boynt's Catalogue of Supportive Conjuration
 49416 | Elf:1    | Reached skill level 18 in Fighting
 49608 | Elf:2    | Received a gift from Okawaru
 49671 | Elf:2    | Found Axonam's Antique Weapon Shoppe.
 49690 | Elf:2    | Reached skill level 2 in Charms
 49710 | Elf:2    | Reached skill level 19 in Dodging
 49731 | Elf:2    | Reached skill level 10 in Evocations
 49741 | Elf:2    | Found a runed translucent gate.
 49741 | Elf:2    | Found a runed translucent gate.
 50242 | Elf:2    | Found a runed translucent gate.
 50285 | Elf:2    | Reached skill level 10 in Throwing
 50954 | Elf:3    | Entered Level 3 of the Elven Halls
 51540 | Elf:3    | Received a gift from Okawaru
 51549 | Elf:3    | Identified the +10 scimitar of Heesh {distort, MR+ Str-3
                  | Int+4} (Okawaru gifted it to you on level 3 of the Elven
                  | Halls)
 51601 | Elf:3    | Reached skill level 16 in Long Blades
 51621 | Elf:3    | Identified the +12 halberd of Exquisite Death {venom, +Fly
                  | rC+}
 51943 | Elf:3    | HP: 11/148 [deep elf annihilator/crystal spear (53)]
 51960 | Elf:3    | HP: 5/148 [deep elf archer/arrow (13)]
 52427 | Elf:3    | Identified the +1 flail "Udghyosu" {speed, *Corrode rPois
                  | Int+6}
 52427 | Elf:3    | Identified the +0 robe "Kivonu" {+Blink Int+4}
 52438 | Elf:3    | Identified the cursed +0 halberd of Righteous Fury {flame,
                  | +Blink rPois MP+9 Int+3}
 52489 | Elf:3    | Identified the +10 falchion of Doom {flame, +Fly rF+ rC+
                  | Str+5}
 52515 | Elf:3    | Received a gift from Okawaru
 52515 | Elf:3    | Reached skill level 18 in Armour
 52515 | Elf:3    | Reached skill level 2 in Summonings
 52519 | Elf:3    | Got a dazzling cloak {god gift}
 52520 | Elf:3    | Identified the +0 cloak of Qucvyef {rCorr Str-3 Int+3
                  | Dex+2} (Okawaru gifted it to you on level 3 of the Elven
                  | Halls)
 52635 | Elf:3    | Reached skill level 2 in Necromancy
 52873 | Elf:3    | Reached skill level 2 in Translocations
 52899 | Elf:3    | Reached XP level 23. HP: 98/153 MP: 23/33
 53074 | Elf:3    | Identified the +8 plate armour of Hedge Wizardry {rPois rC-
                  | Int+10}
 53100 | Elf:3    | Identified the +4 morningstar "Icwag" {venom, +Blink Int+5}
 53117 | Elf:3    | Reached skill level 2 in Spellcasting
 53287 | Elf:3    | Identified the Reference Book on the Rocks and Protection
 53299 | Elf:3    | Identified the Reference Book on Clay
 53306 | Elf:3    | Identified the Catalogue of the Mutagenic Entourage
 53322 | Elf:3    | Identified the Catalogue of the Firefly
 53750 | Depths:1 | Entered Level 1 of the Depths
 53773 | D:15     | Reached skill level 2 in Hexes
 53935 | Vaults:2 | Bought a potion of heal wounds for 100 gold pieces
 53935 | Vaults:2 | Bought 2 potions of curing for 120 gold pieces
 53935 | Vaults:2 | Bought 2 potions of heal wounds for 200 gold pieces
 53935 | Vaults:2 | Bought a potion of curing for 60 gold pieces
 53935 | Vaults:2 | Bought a potion of heal wounds for 100 gold pieces
 53935 | Vaults:2 | Bought a potion of curing for 60 gold pieces
 53935 | Vaults:2 | Bought a potion of heal wounds for 100 gold pieces
 53935 | Vaults:2 | Bought a potion of haste for 200 gold pieces
 53935 | Vaults:2 | Bought a potion of resistance for 200 gold pieces
 54328 | Depths:1 | Reached skill level 3 in Summonings
 54329 | Depths:1 | Reached skill level 3 in Translocations
 54334 | Depths:1 | Reached skill level 3 in Necromancy
 54461 | Depths:1 | Reached skill level 3 in Spellcasting
 54510 | Depths:1 | Reached skill level 4 in Translocations
 54516 | Depths:1 | Received a gift from Okawaru
 54528 | Depths:1 | Reached skill level 3 in Hexes
 54769 | Depths:1 | Found a gateway to a ziggurat.
 54814 | Depths:1 | Found a gateway to Hell.
 54837 | Depths:1 | Reached skill level 5 in Translocations
 55138 | Depths:2 | Upgraded the game from 0.25-a0-251-g572059c to
                  | 0.25-a0-258-g6d7e32a
 55331 | Depths:2 | Reached skill level 19 in Fighting
 55336 | Depths:2 | Reached skill level 20 in Dodging
 55363 | Depths:2 | Identified the +9 plate armour of the Wasteland {rPois MR+}
 56310 | Depths:2 | Found a portal to a secret trove of treasure.
 56493 | Depths:2 | Received a gift from Okawaru
 56623 | Depths:2 | Reached XP level 24. HP: 147/160 MP: 33/33
 56628 | Depths:2 | Identified the +6 scimitar of Desperation {pain, rElec}
                  | (You found it on level 2 of the Depths)
 56845 | Depths:2 | Received a gift from Okawaru
 56989 | Depths:3 | Reached skill level 19 in Armour
 57302 | Depths:3 | Found a radiant altar of Vehumet.
 57304 | Depths:3 | Found an ancient bone altar of Kikubaaqudgha.
 57304 | Depths:3 | Found a shattered altar of Ashenzari.
 57304 | Depths:3 | Found an opulent altar of Gozag.
 57315 | Depths:3 | Received a gift from Okawaru
 57465 | Depths:3 | Found a one-way gate to the infinite horrors of the Abyss.
 57605 | Depths:3 | Noticed a caustic shrike
 57605 | Depths:3 | a shadow dragon changed into a caustic shrike
 57607 | Depths:3 | Killed a caustic shrike
 57640 | Depths:3 | Reached skill level 21 in Dodging
 58061 | Depths:3 | Found a one-way gate leading to the halls of Pandemonium.
 58231 | Depths:3 | Reached skill level 20 in Fighting
 58265 | Depths:4 | Found a shattered altar of Ashenzari.
 58314 | Depths:4 | Paralysed by a floating eye for 3 turns
 58348 | Depths:4 | Found Hugeitze's Food Boutique.
 58380 | Depths:4 | Found Kemij's Jewellery Emporium.
 58460 | Depths:4 | You are sucked into a shaft and drop 1 floor!
 58460 | Depths:5 | Entered Level 5 of the Depths
 58482 | Depths:4 | Noticed Saint Roka
 58516 | Depths:4 | Killed Saint Roka
 58532 | Depths:4 | HP: 14/163 [spriggan air mage/the air[a spriggan defender]
                  | (17)]
 58579 | Depths:4 | Reached skill level 20 in Armour
 58895 | Depths:4 | Found Reehocun's General Store.
 58897 | Depths:4 | Bought a potion of haste for 240 gold pieces
 58897 | Depths:4 | Bought a scroll of fear for 84 gold pieces
 58995 | Depths:4 | Received a gift from Okawaru
 59032 | Depths:4 | Reached XP level 25. HP: 166/168 MP: 33/33
 59292 | Depths:4 | Found Katadel's Jewellery Boutique.
 59313 | Depths:4 | Found Jevuaj's Distillery.
 59321 | Depths:4 | Bought a potion of haste for 130 gold pieces
 59321 | Depths:4 | Bought a potion of haste for 130 gold pieces
 59321 | Depths:4 | Bought a potion of curing for 39 gold pieces
 59755 | Depths:4 | Paralysed by you for 5 turns
 60163 | Depths:4 | Paralysed by you for 2 turns
 61602 | Depths:5 | Received a gift from Okawaru
 61605 | Depths:5 | Identified the +0 hat "Vaat Suo" {rF- Str+2 Int+2 Dex+4}
                  | (Okawaru gifted it to you on level 5 of the Depths)
 61845 | Depths:5 | Reached skill level 22 in Dodging
 62125 | Depths:5 | Noticed a juggernaut
 62153 | Depths:5 | Killed a juggernaut
 62153 | Depths:5 | Reached skill level 21 in Fighting
 62171 | Depths:5 | Reached skill level 21 in Armour
 62225 | Depths:5 | Found a gate to the Realm of Zot.
 62244 | Depths:5 | Reached XP level 26. HP: 154/177 MP: 32/33
 62258 | Depths:5 | Received a gift from Okawaru
 63749 | Depths:2 | You paid a toll of +2 gold dragon scales to enter a
                  | treasure trove
 63750 | Trove    | Entered a treasure trove
 63758 | Trove    | Got a slimy glass ring
 63764 | Trove    | Got a steaming emerald amulet
 63766 | Trove    | Got a crude amber ring
 63768 | Trove    | Got a warped copper amulet
 63774 | Trove    | Got a clouded pewter ring
 63778 | Trove    | Got a heavily runed amethyst amulet
 63780 | Trove    | Got a bound zirconium amulet
 63782 | Trove    | Got a glittering copper ring
 63802 | Trove    | Got a glittering marble ring
 63814 | Trove    | Got a faintly glowing glass ring
 63831 | Depths:2 | Identified the amulet "Zilium" {Gourm rPois rF+ MR- Int+3}
                  | (You found it in a treasure trove)
 63832 | Depths:2 | Identified the amulet of Iwosk {Regen+ Str+2} (You found it
                  | in a treasure trove)
 63833 | Depths:2 | Identified the amulet "Eropuiho" {Inacc Str+5 Dex+4} (You
                  | found it in a treasure trove)
 63834 | Depths:2 | Identified the amulet "Voutic" {Regen+ Str+3} (You found it
                  | in a treasure trove)
 63841 | Depths:2 | Identified the ring of Xom's Hope {AC+4 Dex+3} (You found
                  | it in a treasure trove)
 63845 | Depths:2 | Identified the ring of Fyerph {rC+ AC+3 Str+3} (You found
                  | it in a treasure trove)
 63850 | Depths:2 | Identified the ring of the Gloaming {AC+3 Str+6 SInv} (You
                  | found it in a treasure trove)
 63852 | Depths:2 | Identified the ring of the Moon {rF+ SInv} (You found it in
                  | a treasure trove)
 63854 | Depths:2 | Identified the ring of Laerrit {+Inv rElec rF+ Int+3} (You
                  | found it in a treasure trove)
 63856 | Depths:2 | Identified the ring of Creativity {-Tele rElec rN+ rCorr}
                  | (You found it in a treasure trove)
 64220 | Vaults:5 | Entered Level 5 of the Vaults
 64263 | Vaults:5 | Received a gift from Okawaru
 64283 | Vaults:5 | Noticed Mennas
 64285 | Vaults:5 | Identified the +9 mace of Gravity {venom, *Contam rElec
                  | rF++}
 64913 | Vaults:4 | Killed Mennas
 64913 | Vaults:4 | Received a gift from Okawaru
 65139 | Vaults:4 | Reached skill level 23 in Dodging
 65155 | Vaults:5 | Reached skill level 22 in Armour
 65247 | Vaults:5 | Reached skill level 22 in Fighting
 65252 | Vaults:4 | Received a gift from Okawaru
 65344 | Vaults:4 | Received a gift from Okawaru
 65469 | Vaults:5 | Identified the cursed +0 robe of Egitopif {Str+7}
 65472 | Vaults:5 | Received a gift from Okawaru
 65744 | Vaults:5 | Received a gift from Okawaru
 65744 | Vaults:5 | Reached XP level 27. HP: 151/184 MP: 33/33
 65745 | Vaults:5 | Got a heavily runed crystal plate armour {god gift}
 65753 | Vaults:4 | Identified the +9 crystal plate armour of Okawaru's
                  | Supremacy {rC+ MR- Str+2} (Okawaru gifted it to you on
                  | level 5 of the Vaults)
 65996 | Vaults:5 | Found the +8 glaive of the Guard {elec, +Rage AC+5 SInv}
 66037 | Vaults:5 | Got a silver rune of Zot
 66100 | Vaults:5 | Identified the +9 dire flail of Untimely Demise {flame,
                  | Int+5}
 66150 | Vaults:5 | Got a coiled steel ring
 66152 | Vaults:5 | Identified the ring "Vuleih" {rF+ Stlth-} (You found it on
                  | level 5 of the Vaults)
 67088 | Vaults:5 | Identified the +2 buckler of Goripu {rC+ Dex+6 Stlth-} (You
                  | found it on level 5 of the Vaults)
 67594 | Zot:1    | Entered Level 1 of the Realm of Zot
 67619 | Zot:1    | Noticed an orb of fire
 67636 | Zot:1    | Gained mutation: You are weak. (Str -2) [an orb of fire]
 67643 | Zot:1    | Killed an orb of fire
 68002 | Zot:1    | Noticed an orb of fire
 68004 | Zot:1    | Gained mutation: You are frail. (-10% HP) [an orb of fire]
 68019 | Zot:1    | Killed an orb of fire
 68060 | Depths:5 | Lost mutation: You are frail. (-10% HP) [potion of
                  | mutation]
 68060 | Depths:5 | Lost mutation: You are weak. (Str -2) [potion of mutation]
 68060 | Depths:5 | Gained mutation: You are somewhat resistant to further
                  | mutation. [potion of mutation]
 68060 | Depths:5 | Gained mutation: You are frail. (-10% HP) [potion of
                  | mutation]
 68061 | Depths:5 | Lost mutation: You are frail. (-10% HP) [potion of
                  | mutation]
 68061 | Depths:5 | Lost mutation: You are somewhat resistant to further
                  | mutation. [potion of mutation]
 68061 | Depths:5 | Gained mutation: You are robust. (+10% HP) [potion of
                  | mutation]
 68061 | Depths:5 | Gained mutation: You tend to lose your temper in combat.
                  | [potion of mutation]
 68061 | Depths:5 | Gained mutation: You have a pair of small horns on your
                  | head. [potion of mutation]
 68357 | Zot:1    | Reached skill level 24 in Dodging
 68580 | Zot:1    | Reached skill level 23 in Armour
 68870 | Zot:1    | Received a gift from Okawaru
 68985 | Zot:1    | Reached skill level 4 in Summonings
 69266 | Zot:1    | Reached skill level 4 in Necromancy
 69575 | Zot:2    | Reached skill level 3 in Charms
 69722 | Zot:2    | Reached skill level 4 in Spellcasting
 69956 | Zot:2    | Received a gift from Okawaru
 70116 | Zot:2    | Reached skill level 4 in Hexes
 70116 | Zot:2    | Reached skill level 5 in Summonings
 70140 | Zot:2    | Received a gift from Okawaru
 70154 | Zot:2    | Reached skill level 5 in Necromancy
 70199 | Zot:2    | Reached skill level 6 in Translocations
 71338 | Zot:3    | Reached skill level 4 in Charms
 71356 | Zot:3    | Reached skill level 6 in Summonings
 71443 | Zot:3    | Reached skill level 5 in Spellcasting
 71469 | Zot:3    | Reached skill level 23 in Fighting
 71875 | Zot:3    | Reached skill level 6 in Necromancy
 72331 | Zot:4    | Received a gift from Okawaru
 72352 | Zot:4    | Got a faintly glowing long sword {god gift}
 72397 | Zot:4    | Reached skill level 5 in Hexes
 72397 | Zot:4    | Reached skill level 7 in Summonings
 72862 | Zot:4    | Reached skill level 5 in Charms
 73306 | Zot:4    | Reached skill level 6 in Spellcasting
 73311 | Zot:4    | Reached skill level 7 in Translocations
 73323 | Zot:4    | Received a gift from Okawaru
 73323 | Zot:4    | Reached skill level 7 in Necromancy
 74017 | Zot:5    | Entered Level 5 of the Realm of Zot
 74079 | Zot:5    | Reached skill level 8 in Summonings
 74289 | Zot:5    | Received a gift from Okawaru
 74494 | Zot:5    | Reached skill level 8 in Necromancy
 74650 | Zot:5    | Noticed an orb of fire
 74661 | Zot:4    | Reached skill level 6 in Hexes
 74661 | Zot:4    | Reached skill level 6 in Charms
 74964 | Zot:5    | Noticed an ancient lich
 74964 | Zot:5    | Noticed an orb of fire
 74964 | Zot:5    | Noticed an orb of fire
 74972 | Zot:5    | Gained mutation: Your flesh is heat resistant. (rF+) [an
                  | orb of fire]
 74972 | Zot:5    | Gained mutation: You are partially covered in icy blue
                  | scales. (AC +2) [an orb of fire]
 74975 | Zot:5    | Noticed an orb of fire
 74981 | Zot:4    | Reached skill level 7 in Spellcasting
 74989 | Zot:4    | Gained mutation: You are clumsy. (Dex -2) [an orb of fire]
 74991 | Zot:4    | Killed an orb of fire
 74991 | Zot:4    | Received a gift from Okawaru
 74991 | Zot:4    | Reached skill level 9 in Summonings
 74997 | Zot:4    | Killed an ancient lich
 75036 | Zot:5    | Noticed an orb of fire
 75046 | Zot:5    | Gained mutation: Your body sometimes deteriorates upon
                  | taking damage. [an orb of fire]
 75049 | Zot:5    | Killed an orb of fire
 75049 | Zot:5    | Received a gift from Okawaru
 75062 | Zot:5    | Killed an orb of fire
 75062 | Zot:5    | Received a gift from Okawaru
 75065 | Zot:5    | Reached skill level 8 in Translocations
 75068 | Zot:5    | Gained mutation: Your spells are a little easier to cast,
                  | but a little less powerful. [an orb of fire]
 75072 | Zot:5    | Lost mutation: You are robust. (+10% HP) [an orb of fire]
 75073 | Zot:5    | Killed an orb of fire
 75073 | Zot:5    | Received a gift from Okawaru
 75088 | Zot:5    | Received a gift from Okawaru
 75105 | Zot:5    | Gained mutation: You are weak. (Str -2) [an orb of fire]
 75110 | Zot:5    | Killed an orb of fire
 75110 | Zot:5    | Reached skill level 9 in Necromancy
 75123 | Zot:5    | Noticed an orb of fire
 75131 | Zot:5    | Gained mutation: You are occasionally teleported next to
                  | monsters. [an orb of fire]
 75519 | Zot:4    | Lost mutation: Your spells are a little easier to cast, but
                  | a little less powerful. [potion of mutation]
 75519 | Zot:4    | Lost mutation: You are clumsy. (Dex -2) [potion of
                  | mutation]
 75519 | Zot:4    | Gained mutation: You expend magic power (3 MP) to
                  | strengthen your wands. [potion of mutation]
 75519 | Zot:4    | Gained mutation: Your flesh is cold resistant. (rC+)
                  | [potion of mutation]
 75520 | Zot:4    | Lost mutation: You are weak. (Str -2) [potion of mutation]
 75520 | Zot:4    | Lost mutation: You expend magic power (3 MP) to strengthen
                  | your wands. [potion of mutation]
 75520 | Zot:4    | Gained mutation: Your spells are a little harder to cast,
                  | but a little more powerful. [potion of mutation]
 75576 | Zot:5    | Gained mutation: Your magical capacity is low. (-10% MP)
                  | [an orb of fire]
 75582 | Zot:5    | Killed an orb of fire
 75759 | Zot:5    | Reached skill level 7 in Charms
 75759 | Zot:5    | Reached skill level 10 in Summonings
 76042 | Zot:5    | Reached skill level 8 in Spellcasting
 76118 | Zot:5    | HP: 1/188 [Orb Guardian (41)]
 76119 | Zot:5    | Slain by an Orb Guardian

Levels and vault maps discovered:
D:1:      dpeg_arrival_chase, layout_loops_ring, serial_forest,
          infiniplex_forest_split, infiniplex_forest_3_way,
          infiniplex_forest_clump_double, infiniplex_forest_diagonal
D:2:      layout_basic, old_standard_altar, chequers_ecumenical_altar_twisty,
          hex_intersection, hex_large, minmay_tetromino_i4
D:3:      layout_basic
D:4:      layout_basic, first_ration
D:5:      layout_basic, lightli_temple_of_fire, kennysheep_vampire_church,
          minmay_temple_entry_slanted
D:6:      minmay_chambers_of_fours, layout_rooms,
          gammafunk_temple_overflow_wave, serial_shops, shop,
          nicolae_shop_temple_entry_statues_fountains,
          nicolae_shop_temple_entry_statues_fountains,
          nicolae_shop_overgrown_old_shop, gup_sewer_entry_spiral,
          kennysheep_generic_room_3
D:7:      layout_basic, okawaru_gym_becter, minmay_misc_feat_cross,
          uniq_prince_ribbit1
D:8:      layout_rooms, lemuel_doored_altar, kennysheep_mini_moat,
          grunt_gozag_breadcrumbs, uniq_harold, uniq_erica
D:9:      layout_small_grid, david_orc_4, the_bakery, minmay_diced_spiral,
          uniq_psyche, uniq_pikel
D:10:     layout_loops_cross, minmay_lair_entry_grove, uniq_snorg
D:11:     layout_roguey
D:12:     layout_stronghold, grunt_decor_mini_mirrors
D:13:     layout_rooms, david_vaults_3, uniq_jorgrun
D:14:     layout_gridville, gammafunk_ghost_spectres,
          chequers_serial_rivers_micro_d
D:15:     hangedman_depths_entry_try_elsewhere_first, layout_small_grid,
          hangedman_abyss_or_decor_stagger, kennysheep_treasure_room
Temple:   nicolae_temple_god_jail
Lair:1:   layout_long_grid, basic_altar, portal_ice_cave_entry_pillars_1
Lair:2:   layout_regular_city, nicolae_swamp_entry_splash_gauntlet
Lair:3:   gammafunk_cloud_chamber, layout_chaotic_city, grunt_megastairs_2,
          lemuel_fruit_fields, infiniplex_staircase_pool, serial_bayou_shore_a
Lair:4:   layout_big_grid, minmay_snake_entry_guardpost_large
Lair:5:   layout_gridlike, slime_dummy, st_stairs_6, infiniplex_staircase_pool_2
Lair:6:   hangedman_lair_caniforms_friends, layout_cave_shapes, wormcave,
          chequers_serial_rivers_room_a, serial_bayou_pond_e
Swamp:1:  layout_basic_swamp, serial_swamp_ruin, evilmike_swamp_ruin_wall,
          evilmike_swamp_ruin_house_4, evilmike_swamp_ruin_house_6
Swamp:2:  layout_basic_swamp, hangedman_swamp_pad, swamp_pool4
Swamp:3:  layout_basic_swamp, hangedman_swamp_ruin_wall
Swamp:4:  swamp, layout_basic_swamp
Snake:1:  layout_misc_corridors, nicolae_snake_springs, uniq_frances,
          uniq_aizul, uniq_rupert
Snake:2:  layout_misc_corridors, uniq_kirke, uniq_louise
Snake:3:  layout_onion, st_stairs_13, lemuel_fruit_tree, grunt_megastairs_1,
          uniq_vashnia
Snake:4:  snake_pit, layout_gridlike, basic_altar, minmay_shop_grove
Orc:1:    layout_caves, serial_shops, shop_statue, hangedman_minor_magic
Orc:2:    st_orc_pillars, layout_diamond_mine
Elf:1:    eino_elf_arrival_shootout, layout_gridlike, minmay_elf_sorcery,
          grunt_megastairs_4
Elf:2:    layout_rooms, serial_shops, shop
Elf:3:    minmay_elf_hall_x, layout_rooms
Vaults:1: v_misc_26, st_lattice, nicolae_vaults_gold_heap,
          vaults_room_stairs_pillars, hangedman_vaults_stitches,
          hangedman_vaults_restitches, ontoclasm_vaults_ligature, v_misc_23,
          nicolae_vaults_sealed_display, grunt_vaults_twisty,
          hangedman_vaults_trim, nicolae_vaults_little_squares_1,
          layout_vaults_omnicross
Vaults:2: v_rooms_4, hangedman_vaults_cutoff, nicolae_vaults_triangles,
          vaults_dpeg_doors, hangedman_vaults_hard_town_square,
          vaults_mumra_minichess, ontoclasm_vaults_ring_square,
          grunt_vaults_bifocal, nicolae_vaults_network_s,
          layout_vaults_chaotic_city, serial_shops, shop
Vaults:3: v_pattern_3, st_diamondy, ontoclasm_vaults_pinch, v_alt_pattern_3,
          hangedman_vaults_stretched_pinwheel, v_misc_18,
          nicolae_vaults_shelves_hall, minmay_crypt_entry_simple_corners,
          nicolae_vaults_network_quinsquares
          [nicolae_vaults_network_quincunx_subvault,
          nicolae_vaults_network_quincunx_subvault,
          nicolae_vaults_network_quincunx_subvault,
          nicolae_vaults_network_quincunx_subvault],
          nicolae_vaults_little_squares_1, v_misc_31, layout_vaults_ring,
          uniq_jory
Vaults:4: nicolae_vaults_holding_cells, dpeg_vaults_monster_row,
          nicolae_vaults_circle_grid_b, v_misc_25, v_misc_5, v_pattern_5,
          nicolae_vaults_windows_and_doors_thing,
          nicolae_vaults_yaktaur_gun_rack, v_misc_19, layout_vaults_quadrants,
          serial_shops, shop_statue
Vaults:5: serial_shops, uniq_mennas
Depths:1: layout_cave_pools, enter_ziggurat_b, minmay_fountain_box, hell_entry,
          nicolae_twisting_strands, grunt_ministairs_12, st_stairs_8,
          hex_medium, drop_trap, nrook_kobold_shadow_demons
Depths:2: minmay_skeleton_keep, layout_cave_pools,
          grunt_hell_entry_demonic_statue, nicolae_trove_entry_columns,
          nicolae_wwwww, infiniplex_staircase_zigzag_4
Depths:3: minmay_the_grid_octo_tiled_squarecenter
          [minmay_the_grid_octo_pinwheel, minmay_the_grid_octo_fat_diamond,
          minmay_the_grid_octo_horde, minmay_the_grid_octo_shrine,
          minmay_the_grid_square_5x5_megaprize_hollow,
          minmay_the_grid_square_5x5_tie, minmay_the_grid_square_5x5_one_wall,
          minmay_the_grid_square_5x5_pentomino_r,
          minmay_the_grid_square_5x5_mess], layout_small_grid, serial_glass,
          glass_columns_b, glass_columns_c, glass_columns_b,
          due_unseen_surprise, abyss_entry, pf_vacation_house_of_asmodeus,
          rand_demon_pan_entry_9, kb_rosetta
Depths:4: gammafunk_mikee_crab_dinner, layout_basic, ashenzari_altar_1,
          abyss_entry, serial_shops, shop, shop, nicolae_shop_crystal, shop,
          nicolae_shop_crystal, grunt_hell_entry_dis_grunt,
          infiniplex_staircase_x, uniq_saint_roka
Depths:5: grunt_runaround [grunt_runaround_doors_1, grunt_runaround_doors_2,
          grunt_runaround_doors_3, grunt_runaround_doors_4,
          grunt_runaround_zot], pan_entry, hell_entry
Zot:1:    layout_gridlike, st_stairs_14, hangedman_zot_decor_checkerboard
Zot:2:    grunt_zot_stairs_overgrown, layout_basic, lemuel_golem_globe
Zot:3:    layout_cathedral_of_symmetry, st_stairs_7
Zot:4:    layout_gridville
Zot:5:    layout_concentric_octagons

Skill      XL: |  1  2  3  4  5  6  7  8  9 10 11 12 13 14 15 16 17 18 19 20 21 22 23 24 25 26 27 |
---------------+----------------------------------------------------------------------------------+-----
Long Blades    | 4 5 6 8 9 11 12 13 14 15 16 | 16.0
Fighting       | 3 4 5 7 8 9 10 11 12 13 14 15 16 17 18 19 20 21 22 23 | 23.5
Stealth        | 1 2 3 4 5 7 8 |  8.0
Evocations     | 3 5 6 8 9 10 | 10.0
Dodging        | 4 6 7 8 10 11 12 13 14 15 16 17 18 19 20 21 22 23 24 | 24.9
Invocations    | 2 3 5 7 9 10 11 12 | 12.0
Armour         | 2 5 6 9 11 12 13 14 16 17 18 20 21 22 23 | 23.9
Shields        | 3 4 6 |  6.0
Throwing       | 3 5 6 7 8 9 10 | 10.0
Summonings     | 1 2 3 10 | 10.1
Necromancy     | 1 2 3 9 |  9.4
Spellcasting   | 1 3 8 |  8.0
Translocations | 1 2 5 8 |  8.5
Hexes          | 1 3 6 |  6.9
Charms         | 2 7 |  7.1

Action                   |  1- 3 |  4- 6 |  7- 9 | 10-12 | 13-15 | 16-18 | 19-21 | 22-24 | 25-27 || total
-------------------------+-------+-------+-------+-------+-------+-------+-------+-------+-------++-------
Melee: Long sword        |    69 |   125 |   316 |    41 |       |       |       |       |       ||   551
       Kick              |    24 |    38 |   121 |   240 |   614 |   782 |  1102 |   796 |  1431 ||  5148
       Peck              |    13 |    34 |    93 |   132 |   426 |   510 |   678 |   504 |   881 ||  3271
       Scimitar          |       |       |       |   465 |  1163 |    31 |   100 |       |       ||  1759
       Demon blade       |       |       |       |       |    99 |  1567 |  1719 |   931 |  1945 ||  6261
       Double sword      |       |       |       |       |       |       |       |   645 |   217 ||   862
       Headbutt          |       |       |       |       |       |       |       |       |   560 ||   560
Throw: Boomerang         |       |     5 |       |       |    11 |       |       |       |    22 ||    38
       Dart              |       |     4 |       |     6 |     8 |       |     2 |     2 |       ||    22
       Throwing net      |       |       |     5 |     4 |       |     1 |       |       |       ||    10
 Cast: Apportation       |       |       |       |       |       |       |     3 |     2 |       ||     5
Invok: Heroism           |       |       |       |     3 |    23 |    33 |    22 |    18 |    24 ||   123
       Finesse           |       |       |       |     1 |     5 |    12 |     6 |     1 |    11 ||    36
 Abil: Fly               |       |     1 |       |       |       |       |       |       |       ||     1
Evoke: Wand              |       |       |     3 |     2 |    30 |    12 |     3 |     4 |     4 ||    58
       Phantom mirror    |       |       |       |       |     1 |       |       |       |       ||     1
       Lamp of fire      |       |       |       |       |       |       |       |       |     3 ||     3
  Use: Scroll            |       |     3 |    13 |    10 |     8 |    14 |    13 |    15 |    17 ||    93
       Potion            |       |       |       |       |     1 |     8 |     4 |     2 |    16 ||    31
 Stab: Sleeping          |       |     4 |    14 |     9 |       |     2 |     2 |     1 |       ||    32
       Distracted        |       |       |     2 |     3 |     1 |       |     1 |       |       ||     7
       Held in net/web   |       |       |     9 |     4 |       |     3 |       |       |       ||    16
       Petrified         |       |       |       |       |     6 |       |       |       |       ||     6
       Petrifying        |       |       |       |       |     1 |       |       |       |       ||     1
       Paralysed         |       |       |       |       |     4 |     2 |       |       |       ||     6
       Confused          |       |       |       |       |       |     1 |     1 |       |       ||     2
  Eat: Chunk             |     2 |     2 |     2 |     9 |    11 |     7 |     9 |     4 |     7 ||    53
       Ration            |       |     2 |     3 |     3 |     8 |     8 |     8 |     9 |    13 ||    54
Armor: Leather armour    |     7 |    18 |    54 |    21 |       |       |       |       |       ||   100
       Robe              |       |       |       |    33 |     8 |       |       |       |       ||    41
       Troll leather arm |       |       |       |    19 |       |       |       |       |       ||    19
       Chain mail        |       |       |       |       |   359 |   316 |   364 |   186 |       ||  1225
       Plate armour      |       |       |       |       |       |       |       |   124 |   520 ||   644
Dodge: Dodged            |    42 |    92 |   228 |   434 |   933 |   994 |  1161 |   861 |  1603 ||  6348
Block: Buckler           |     9 |    26 |    48 |    94 |   395 |   510 |   667 |   773 |  1439 ||  3961
       Reflection        |       |       |       |       |       |       |       |    33 |    36 ||    69
       Rpst.: Long sword |    17 |    30 |    57 |     3 |       |       |       |       |       ||   107
       Scimitar          |       |       |       |   112 |   190 |     5 |    27 |       |       ||   334
       Demon blade       |       |       |       |       |    16 |   209 |   191 |   108 |   199 ||   723
       Double sword      |       |       |       |       |       |       |       |    52 |    45 ||    97

Table legend:
 A = Non-vault XP
 B = Vault XP
 C = Vault XP percentage of total XP
 D = Non-vault monster count
 E = Vault monster count
 F = Vault count percentage of total count
                 A         B        C        D         E       F
            +---------+---------+-------+---------+---------+-------
      Total |  947683 |  830797 |  46.7 |    1671 |    1038 |  38.3
            +---------+---------+-------+---------+---------+-------
        D:1 |      42 |       0 |   0.0 |      22 |       0 |   0.0
        D:2 |      52 |       8 |  13.3 |      21 |       4 |  16.0
        D:3 |     282 |       0 |   0.0 |      28 |       0 |   0.0
        D:4 |     277 |       0 |   0.0 |      13 |       0 |   0.0
        D:5 |     690 |     125 |  15.3 |      24 |       6 |  20.0
        D:6 |     492 |     533 |  52.0 |      13 |      12 |  48.0
        D:7 |    1639 |    1244 |  43.1 |      39 |       2 |   4.9
        D:8 |    1664 |    2153 |  56.4 |      14 |       7 |  33.3
        D:9 |    2087 |     947 |  31.2 |      22 |      18 |  45.0
       D:10 |    3295 |    2568 |  43.8 |      24 |      13 |  35.1
       D:11 |    4017 |       0 |   0.0 |      29 |       0 |   0.0
       D:12 |    5866 |    3853 |  39.6 |      23 |       7 |  23.3
       D:13 |   11032 |    7248 |  39.6 |      58 |      14 |  19.4
       D:14 |   12769 |       0 |   0.0 |      35 |       0 |   0.0
       D:15 |   16595 |    5670 |  25.5 |      35 |       7 |  16.7
     Lair:1 |    1491 |       0 |   0.0 |       9 |       0 |   0.0
     Lair:2 |    6665 |     657 |   9.0 |      26 |       4 |  13.3
     Lair:3 |    7650 |     441 |   5.5 |      35 |       2 |   5.4
     Lair:4 |    3921 |     966 |  19.8 |      16 |       6 |  27.3
     Lair:5 |   14905 |     425 |   2.8 |      40 |       1 |   2.4
     Lair:6 |    3217 |   17550 |  84.5 |       9 |      73 |  89.0
    Swamp:1 |   12805 |       0 |   0.0 |      42 |       0 |   0.0
    Swamp:2 |   15026 |       0 |   0.0 |      40 |       0 |   0.0
    Swamp:3 |   13249 |    1694 |  11.3 |      36 |       2 |   5.3
    Swamp:4 |   14646 |   16360 |  52.8 |      38 |      26 |  40.6
    Snake:1 |    6306 |   10528 |  62.5 |      12 |      20 |  62.5
    Snake:2 |   16117 |    4210 |  20.7 |      32 |       4 |  11.1
    Snake:3 |   22642 |   11275 |  33.2 |      40 |      14 |  25.9
    Snake:4 |   15503 |   31734 |  67.2 |      32 |      44 |  57.9
      Orc:1 |    7174 |    1511 |  17.4 |      52 |      18 |  25.7
      Orc:2 |    6111 |   11809 |  65.9 |      63 |      76 |  54.7
      Elf:1 |   15570 |   12826 |  45.2 |      27 |      21 |  43.8
      Elf:2 |   17924 |   24547 |  57.8 |      27 |      30 |  52.6
      Elf:3 |   25355 |   40492 |  61.5 |      35 |      28 |  44.4
   Vaults:1 |   22779 |   11991 |  34.5 |      51 |      29 |  36.2
   Vaults:2 |   28769 |   20227 |  41.3 |      48 |      28 |  36.8
   Vaults:3 |   18554 |   30975 |  62.5 |      28 |      34 |  54.8
   Vaults:4 |   43550 |   73333 |  62.7 |      70 |      66 |  48.5
   Vaults:5 |   34633 |  101284 |  74.5 |      52 |      76 |  59.4
   Depths:1 |   56301 |    6997 |  11.1 |      72 |       7 |   8.9
   Depths:2 |    9194 |   38908 |  80.9 |      10 |      78 |  88.6
   Depths:3 |   53324 |   42179 |  44.2 |      62 |      38 |  38.0
   Depths:4 |   43446 |   13943 |  24.3 |      59 |      28 |  32.2
   Depths:5 |    4193 |  139913 |  97.1 |       1 |      96 |  99.0
      Zot:1 |   70799 |    4494 |   6.0 |      42 |       2 |   4.5
      Zot:2 |   59699 |   10608 |  15.1 |      43 |       4 |   8.5
      Zot:3 |   47145 |     462 |   1.0 |      26 |       1 |   3.7
      Zot:4 |   96280 |   24995 |  20.6 |      56 |       5 |   8.2
      Zot:5 |   71941 |   85335 |  54.3 |      40 |      20 |  33.3
      Sewer |       0 |     126 | 100.0 |       0 |      11 | 100.0
      IceCv |       0 |   13653 | 100.0 |       0 |      56 | 100.0
            +---------+---------+-------+---------+---------+-------
